 Dungeon Crawl Stone Soup version 0.31-a0-1370-gf52a5a9ab3 (webtiles) character file.

Game seed: 6203302215292095024

7508 croobank the Sneak (level 10, 0/77 HPs)
             Began as a Demigod Fire Elementalist on Dec 24, 2023.
             Constricted to death by an orc knight (13 damage)
             ... on level 9 of the Dungeon.
             The game lasted 00:28:12 (14052 turns).

croobank the Sneak (Demigod Fire Elementalist)     Turns: 14052, Time: 00:28:12

Health: 0/77       AC:  8    Str:  9    XL:     10   Next: 64%
Magic:  9/22       EV: 12    Int: 33    God:
Gold:   553        SH:  0    Dex: 14    Spells: 7/20 levels left

rFire   + . .        K - +5 quarterstaff of the Building Scavenger {freeze, Int+4}
rCold   + . .        (shield currently unavailable)
rNeg    . . .        M - +2 robe {rC+ rF+}
rPois   +            (helmet currently unavailable)
rElec   .            (cloak currently unavailable)
rCorr   .            (gloves currently unavailable)
SInv    .            (boots currently unavailable)
Will    +....        B - amulet of the acrobat
Stlth   +++          C - ring of poison resistance
HPRegen 0.32/turn    c - +4 ring of protection
MPRegen 0.18/turn

%: acrobat
@: beast-form, grasped by roots, acrobatic, constricted
A: beast (slay +0), high MP 1, forlorn, divine attributes
a: Begin Untransformation


You were on level 9 of the Dungeon.
You were a hulking beast.
You visited 1 branch of the dungeon, and saw 10 of its levels.
You also visited: Ossuary.

You collected 579 gold pieces.
You spent 26 gold pieces at shops.

Inventory:

Hand Weapons
 e - a +0 dagger
 k - a +3 dagger of venom
 v - a +0 long sword
 K - the +5 quarterstaff of the Building Scavenger (weapon) {freeze, Int+4}
   (You found it on level 8 of the Dungeon)

   Int+4:     It affects your intelligence (+4).
 L - a +4 dire flail
 N - a +1 trident of protection
 Q - a +2 spectral quarterstaff
Missiles
 H - 7 boomerangs
Armour
 a - a +0 helmet
 h - a +0 ring mail
 F - a +2 robe of willpower
 I - +0 steam dragon scales
 M - a +2 robe of resistance (worn)
 O - a +0 kite shield
 P - a +0 troll leather armour
 R - a +2 leather armour of cold resistance
Jewellery
 c - a +4 ring of protection (right hand)
 o - a ring of willpower
 B - an amulet of the acrobat (around neck)
 C - a ring of poison resistance (left hand)
Talismans
 w - a beast talisman (active)
Wands
 d - a wand of charming (10)
 j - a wand of mindburst (3)
 u - a wand of roots (2)
 y - a wand of polymorph (3)
 D - a wand of flame (18)
Scrolls
 f - 4 scrolls of immolation
 g - 2 scrolls of blinking
 i - 3 scrolls of noise
 l - 5 scrolls of amnesia
 A - a scroll of torment
 G - a scroll of brand weapon {unknown}
 J - 2 scrolls of enchant armour {unknown}
 S - a scroll of butterflies
Potions
 b - 2 potions of enlightenment
 m - 7 potions of curing
 n - 2 potions of brilliance
 p - 2 potions of attraction
 q - 2 potions of heal wounds
 r - a potion of mutation
 s - a potion of lignification {unknown}
 t - a potion of invisibility
 x - 2 potions of might {unknown}
 z - 4 potions of degeneration {unknown}
 E - 4 potions of ambrosia


   Skills:
 * Level 3.4 Fighting
 * Level 3.3 Staves
 + Level 6.5 Dodging
 + Level 6.9 Stealth
 + Level 5.9 Spellcasting
 + Level 6.0 Conjurations
 - Level 5.0 Hexes
 + Level 6.5 Fire Magic


You had 7 spell levels left.
You knew the following spells:

 Your Spells              Type           Power      Damage    Failure   Level
a - Foxfire               Conj/Fire      100%       2x1d9     1%          1
b - Scorch                Fire           100%       2d9       1%          2
c - Inner Flame           Hex/Fire       48%        N/A       1%          3
d - Flame Wave            Conj/Fire      50%        2d12      3%          4
e - Mephitic Cloud        Conj/Alch/Air  22%        N/A       6%          3

Your spell library contained the following spells:

 Spells                   Type           Power      Damage    Failure   Level
 Sting                    Conj/Alch      100%       1d9       1%          1
 Dazzling Flash           Conj/Hex       92%        N/A       1%          3
 Volatile Blastmotes      Fire/Tloc      62%        2d15      3%          3
 Mercury Vapours          Alch/Air       18%        N/A       7%          2
 Sticky Flame             Fire/Alch      31%        2d7       11%         4
 Olgreb's Toxic Radiance  Alch           9%         N/A       41%         4
 Silence                  Hex/Air        13%        N/A       41%         5
 Starburst                Conj/Fire      25%        6d8       45%         6
 Freezing Cloud           Conj/Ice/Air   11%        6-21      47%         5
 Agony                    Necr           9%         N/A       77%         5
 Plasma Beam              Fire/Air       15%        2x1d27    86%         6
 Haunt                    Necr/Summ      4%         N/A       100%        7
 Borgnjor's Revivificati  Necr           4%         N/A       100%        8
 Death's Door             Necr           4%         N/A       100%        9


Dungeon Overview and Level Annotations

Branches:
Dungeon (10/15)            Temple (0/1) D:5            Lair (0/5) D:9
    Orc (0/2) D:10        Ossuary (visited)

Shops:
D:6 *

Annotations:
D:4 1 runed translucent door, BigPumpCobain's ghost, amateur TrSh


Innate Abilities, Weirdness & Mutations

You are a hulking beast.
Your limbs bulge with bestial killing power. (Slay +0)
You have an increased reservoir of magic. (+10% MP)
You shall have no god before yourself.
Your divine heritage dramatically boosts your attributes as you level up.


Message History

Flames lash the orc knight.
The orc knight is burned terribly!
The orc knight is moderately wounded.
The orc knight hits you with a +0 broad axe.
Casting: Scorch (safe; 1% risk of failure)
Confirm with . or Enter, or press ? or * to list all spells.
Flames lash the orc knight.
The orc knight is burned terribly!
The orc knight is heavily wounded.
The orc knight zaps a wand.
The roots erupt in riotous growth!
The grasping roots grab you!
The orc knight is unaffected.
The grasping roots constrict you!
Casting: Scorch (safe; 1% risk of failure)
Confirm with . or Enter, or press ? or * to list all spells.
Flames lash the orc knight.
The orc knight is burned terribly!
The orc knight is heavily wounded.
The orc knight hits you with a +0 broad axe!
The grasping roots constrict you.
The grasping roots release their grip on you.
Casting: Scorch (safe; 1% risk of failure)
Confirm with . or Enter, or press ? or * to list all spells.
Casting: Flame Wave (dangerous; 3% risk of failure)
Press: ? - help, Dir - look around, f - activate A wave of flame ripples out!
The flame wave engulfs the orc knight.
The orc knight is heavily wounded. (Press . to intensify the flame waves.)
The orc knight hits you with a +0 broad axe!
A wave of flame ripples out!
The flame wave engulfs the orc knight!
The orc knight is burned terribly!
The orc knight is severely wounded.
The orc knight zaps a wand.
The roots erupt in riotous growth!
The grasping roots grab you!
The orc knight is unaffected.
The grasping roots constrict you!
* * * LOW HITPOINT WARNING * * *
A wave of flame ripples out!
The flame wave engulfs the orc knight!
The orc knight is burned terribly!
The orc knight is almost dead.
You finish channelling waves of flame.
The orc knight hits you with a +0 broad axe.
* * * LOW HITPOINT WARNING * * *
The grasping roots constrict you!
You die...

.....##.......##......#.......#
.....##.......##......#.......#
.....###+####'#######.#.......#
##'###..............#.###.....#
.........###........#...#.###.#
#####....# #.....##.#...#.# #.#
# #....# #.....##.#...'.# #.# #
#....# #.....##.##'##.# #.#
#####....###....h.........# #.#
................o.........###.#
#'####........................#
.....#.......#######......[...#
.....#.......'.....#.###..###.#
.....#.......#.....#......# #.#
#....#.......#.....#......###.#
.....###'#####.....#..........#
.....##.....##.....#.##.......#


You could see an orc knight (combustible).

Vanquished Creatures
  A hydra (D:10)
  2 two-headed ogres (D:8)
  Joseph (D:10)
  A kobold demonologist (D:9)
  2 trolls
  2 yaks (D:8)
  A steam dragon (D:7)
  A water moccasin (D:7)
  2 ice beasts
  5 black bears
  2 orc warriors
  2 sky beasts
  2 ogres
  A phantom (D:4)
  6 centaurs
  Blork the orc (D:5)
  A gnoll sergeant (D:9)
  4 bullfrogs (D:9)
  7 scorpions
  5 wights
  5 killer bees (D:9)
  2 howler monkeys
  2 centaur zombies (Ossuary)
  2 human zombies (Ossuary)
  3 hounds
  3 jellies
  2 orc priests
  2 sleepcaps (D:4)
  2 iguanas
  10 orc wizards
  5 hound zombies (Ossuary)
  2 mummies (Ossuary)
  4 gnolls
  9 adders
  6 bombardier beetles
  3 white imps
  6 adder zombies (Ossuary)
  A dart slug (D:4)
  27 orcs
  9 ball pythons
  11 endoplasms
  6 giant cockroaches
  3 gnoll zombies (Ossuary)
  9 goblins
  10 hobgoblins
  5 kobolds
  5 quokkas
  8 bats
  4 frilled lizards
  3 jackal zombies (Ossuary)
  6 kobold zombies (Ossuary)
  10 orc zombies (Ossuary)
  5 rats (D:1)
239 creatures vanquished.

Vanquished Creatures (collateral kills)
  4 foxfires (D:9)
4 creatures vanquished.

Vanquished Creatures (others)
  An orc wizard (D:6)
  660 foxfires
661 creatures vanquished.

Grand Total: 904 creatures vanquished

Notes
Turn   | Place    | Note
-------+----------+-------------------------------------------
     0 | D:1      | croobank the Demigod Fire Elementalist began the quest for
                  | the Orb.
     0 | D:1      | Reached XP level 1. HP: 14/14 MP: 5/5
    78 | D:1      | Reached skill level 1 in Conjurations
   570 | D:1      | Reached XP level 2. HP: 16/20 MP: 1/7
   590 | D:1      | Learned a level 2 spell: Scorch
  1886 | D:2      | Reached XP level 3. HP: 26/26 MP: 5/8
  2910 | D:3      | Reached XP level 4. HP: 33/33 MP: 5/10
  3887 | D:4      | Reached XP level 5. HP: 30/38 MP: 5/11
  4230 | D:4      | Found a runed translucent door.
  4239 | D:4      | Noticed BigPumpCobain's ghost (amateur TrSh)
  4313 | D:4      | Reached XP level 6. HP: 31/45 MP: 3/13
  4667 | D:4      | Learned a level 3 spell: Inner Flame
  4672 | D:4      | Learned a level 4 spell: Flame Wave
  5134 | D:5      | Entered Level 5 of the Dungeon
  5170 | D:5      | Found a sand-covered staircase.
  5180 | Ossuary  | Entered an ossuary
  5549 | Ossuary  | Reached XP level 7. HP: 45/50 MP: 1/15
  6611 | D:5      | Learned a level 3 spell: Mephitic Cloud
  6699 | D:5      | Reached skill level 1 in Hexes
  7022 | D:5      | Noticed Blork the orc
  7029 | D:5      | Killed Blork the orc
  7030 | D:5      | Found a staircase to the Ecumenical Temple.
  7172 | D:5      | Reached XP level 8. HP: 57/57 MP: 11/17
  7953 | D:6      | Found Xario's Assorted Antiques.
  8025 | D:6      | Bought a golden potion for 26 gold pieces
  8061 | D:6      | Reached skill level 5 in Stealth
  8061 | D:6      | Reached skill level 5 in Fire Magic
  9328 | D:7      | Reached skill level 5 in Dodging
  9373 | D:7      | Reached XP level 9. HP: 34/62 MP: 2/19
 10693 | D:8      | Noticed a two-headed ogre
 10727 | D:8      | Killed a two-headed ogre
 10728 | D:8      | Reached skill level 5 in Spellcasting
 10728 | D:8      | Reached skill level 5 in Conjurations
 10728 | D:8      | Reached skill level 5 in Hexes
 10747 | D:8      | Noticed a tengu conjurer
 11093 | D:8      | Noticed a two-headed ogre
 11098 | D:8      | Killed a two-headed ogre
 11153 | D:8      | Identified the +7 flail "Umaalecu" {flame, Will+}
 11204 | D:8      | Identified the +5 quarterstaff of the Building Scavenger
                  | {freeze, Int+4}
 11588 | D:9      | Reached skill level 1 in Fighting
 11637 | D:8      | Reached skill level 1 in Staves
 11637 | D:8      | Reached XP level 10. HP: 71/71 MP: 14/22
 12194 | D:9      | Found a staircase to the Lair.
 13358 | D:10     | Entered Level 10 of the Dungeon
 13358 | D:10     | Found a staircase to the Orcish Mines.
 13383 | D:10     | Noticed Joseph
 13391 | D:10     | Killed Joseph
 13475 | D:10     | Noticed a two-headed ogre
 13482 | D:10     | Noticed a two-headed ogre
 13643 | D:10     | Noticed a six-headed hydra
 13653 | D:10     | Killed a six-headed hydra
 13659 | D:10     | Noticed an orc knight
 13660 | D:10     | Noticed an eight-headed hydra
 14052 | D:9      | Constricted to death by an orc knight

Illustrated notes

Levels and vault maps discovered:
D:1:      giann_wishing_wells, layout_basic, st_stairs_9,
          minmay_shallow_snake_nest
D:2:      layout_basic, basic_altar, minmay_octomino_c4
D:3:      layout_basic
D:4:      layout_basic, ebering_ghost_sewer_d, nzn_random_ring
D:5:      nicolae_cairo_tiling_very_big, layout_rooms,
          minmay_temple_entry_antechambers, chequers_ossuary_entry_cave,
          minmay_pentangle, uniq_blork_the_orc
D:6:      layout_basic, serial_shops, nicolae_stop_n_shop_1,
          minmay_a_box_with_orc_wizards_in_it
D:7:      layout_layer_cave, enter_bailey_8, serial_bayou_pond_b
D:8:      cheibrodos_barr_body, layout_basic, nicolae_wu_jian_wuxing_cycle,
          amcnicky_altar_gilded
D:9:      layout_stronghold, due_lair_maze_entry_diamond, serial_park_tiny_2
D:10:     minmay_the_grid_octo_2x2 [minmay_the_grid_octo_77,
          minmay_the_grid_octo_horde, minmay_the_grid_octo_teeth,
          minmay_the_grid_octo_prize_square_snowflake], layout_long_grid,
          dreamdust_divine_triumvirate,
          chequers_temple_overflow_statue_of_worship, uniq_joseph

Skill      XL: |  1  2  3  4  5  6  7  8  9 10 |
---------------+-------------------------------+-----
Conjurations   | 1 2 3 4 5 6 |  6.0
Stealth        | 2 3 4 5 6 |  6.9
Dodging        | 2 3 4 5 6 |  6.5
Spellcasting   | 2 3 4 5 |  5.9
Fire Magic     | 3 4 5 6 |  6.5
Hexes          | 2 4 5 |  5.0
Fighting       | 1 3 |  3.4
Staves         | 1 3 |  3.3

Action                     |  1- 3 |  4- 6 |  7- 9 | 10-12 || total
---------------------------+-------+-------+-------+-------++-------
  Melee: Unarmed           |     2 |       |       |       ||     2
         Dagger            |    39 |    55 |   105 |       ||   199
         Punch             |       |     1 |     1 |       ||     2
         Quarterstaff      |       |       |     8 |    12 ||    20
   Cast: Foxfire           |    56 |    78 |   171 |    94 ||   399
         Scorch            |    17 |    39 |    71 |    35 ||   162
         Inner Flame       |       |       |     7 |     6 ||    13
         Flame Wave        |       |       |     4 |     3 ||     7
    Use: Scroll            |       |    12 |     8 |     2 ||    22
         Potion            |       |     3 |       |       ||     3
   Stab: Sleeping          |     3 |     3 |     2 |       ||     8
 Armour: Robe              |    21 |    56 |   145 |    41 ||   263
  Dodge: Dodged            |    29 |    47 |   123 |    43 ||   242
   Form: Beast             |       |     1 |       |       ||     1

Table legend: (Time is in decaauts)
 A = Elapsed time spent in this place.
 B = Non-inter-level travel time spent in this place.
 C = Inter-level travel time spent in this place.
 D = Time resting spent in this place.
 E = Time spent auto-exploring this place.
 F = Levels seen in this place.
 G = Mean time per level.
                   A        B        C        D        E       F      G
               +--------+--------+--------+--------+--------+-----+--------+
         Total |  14054 |  13670 |    384 |   3643 |   7941 |  11 | 1277.6 |
       Dungeon |  12817 |  12433 |    384 |   2990 |   7680 |  10 | 1281.7 |
       Ossuary |   1236 |   1236 |      0 |    653 |    261 |   1 | 1236.0 |
               +--------+--------+--------+--------+--------+-----+--------+

Top non-repeatable levels by time:
     D:9: 2550 daAuts
     D:7: 1943 daAuts
     D:1: 1806 daAuts
     D:5: 1574 daAuts
     D:4: 1406 daAuts
 Ossuary: 1236 daAuts
     D:3: 1132 daAuts
     D:6: 1104 daAuts
     D:2: 785 daAuts
     D:8: 289 daAuts
    D:10: 222 daAuts
